 Dungeon Crawl Stone Soup version 0.19-a0-1206-g6bcb79c (webtiles) character file.

1593 Gorice the Basher (level 8, -22/67 HPs)
             Began as a Demonspawn Monk on Aug 21, 2016.
             Was a Believer of Okawaru.
             Killed from afar by a sheep (32 damage)
             ... with an exploding inner flame
             ... on level 6 of the Dungeon.
             The game lasted 00:32:38 (7239 turns).

Gorice the Basher (Demonspawn Monk)                 Turns: 7239, Time: 00:32:40

Health: -22/67     AC: 15    Str: 14    XL:     8   Next: 62%
Magic:  0/8        EV:  7    Int: 11    God:    Okawaru [**....]
Gold:   372        SH:  6    Dex: 16    Spells: 0 memorised, 7 levels left

rFire  . . .     SeeInvis .     a - +0 morningstar
rCold  + . .     Gourm    .     f - +0 chain mail
rNeg   + . .     Faith    .     (no shield)
rPois  .         Spirit   +     (helmet restricted)
rElec  .         Dismiss  .     (no cloak)
rCorr  .         Reflect  +     q - +1 pair of gloves
MR     .....     Harm     .     x - +1 pair of boots
Stlth  ..........               B - +6 amulet of reflection
                                u - ring of positive energy
                                o - ring of protection from cold

@: no status effects
A: horns 1, thin metallic scales 2, magic shield
a: Heroism, Renounce Religion


You were on level 6 of the Dungeon.
You worshipped Okawaru.
Okawaru was pleased with you.
You were not hungry.

You visited 2 branches of the dungeon, and saw 7 of its levels.
You also visited: Ossuary.

You collected 372 gold pieces.

Inventory:

Hand Weapons
 a - a +0 morningstar (weapon)
 p - a +2 flail of protection
   (You took it off an orc on level 6 of the Dungeon)
 v - a +1 hand axe of venom
   (You took it off an orc on level 3 of the Dungeon)
Missiles
 j - 6 needles of confusion
 n - 43 sling bullets
 A - a tomahawk (quivered)
 Z - 196 stones
Armour
 f - a +0 chain mail (worn)
 q - a +1 pair of gloves (worn)
 x - a +1 pair of boots (worn)
Jewellery
 o - a ring of protection from cold (left hand)
 u - a ring of positive energy (right hand)
 y - an uncursed amulet of the gourmand
 B - a +6 amulet of reflection (around neck)
Scrolls
 b - 3 scrolls of remove curse
 d - a scroll of amnesia
 i - 2 scrolls of fog
Potions
 e - 7 potions of curing
 g - 4 potions of cure mutation {!q}
 h - a potion of resistance {!q}
 l - a potion of magic {!q}
 r - a potion of ambrosia
 w - a potion of cancellation {!q}
 D - 3 potions of haste {unknown}
 F - 3 potions of lignification {!q}
 G - a potion of brilliance {unknown}
 H - a potion of degeneration {unknown}
Comestibles
 c - 7 bread rations {!e}
 k - 2 meat rations {!e}
 m - 2 beef jerkies
 s - 10 fruits


   Skills:
 + Level 7.1 Fighting
 * Level 8.5 Maces & Flails
 - Level 2.6 Dodging
 - Level 1.7 Stealth


You had 7 spell levels left.
You didn't know any spells.

Dungeon Overview and Level Annotations

Branches:
Dungeon (6/15)             Temple (1/1) D:6

Altars:
Ashenzari
Cheibriados
Dithmenos
Elyvilon
Fedhas
Gozag
Kikubaaqudgha
Makhleb
Nemelex Xobeh
Okawaru
Qazlal
Ru
Sif Muna
Trog
Uskayaw
Vehumet
Xom
Yredelemnul
Zin
The Shining One

Shops:
D:6 }

Annotations:
D:4 Pikel


Innate Abilities, Weirdness & Mutations

You have a pair of small horns on your head.
You are mostly covered in thin metallic scales. (AC +3)
When hurt, damage is shared between your health and your magic reserves.


Message History

Found a scroll of amnesia.
There is an open door here.
There is an open door here.
You impale the hound zombie!!
The hound zombie is severely damaged.
The hound zombie bites you but does no damage.
You completely miss the hound zombie. You headbutt the hound zombie!
You destroy the hound zombie!
Okawaru accepts your kill.
Found 16 gold pieces.
d - a scroll of amnesia You see here a war axe.
You now have enough gold to buy a wand of heal wounds (1/9) on this level, or buy a phantom mirror on this level.
You can access your shopping list by pressing '$'.
You now have 372 gold pieces (gained 16).
You open the door.
Walls come down! 5 sheep come into view.
A sheep catches fire!
The sheep bleats in terror.
A sheep catches fire!
The sheep bleats in terror.
A sheep catches fire!
The sheep is struck with panic!
A sheep catches fire!
The sheep panics and turns to flee.
A sheep catches fire!
The sheep bleats in terror.
You hear mad divine giggling.
Found a shimmering altar of Xom.
The sheep burns! x5
Found 4 gold pieces.
You strike the helpless sheep from behind!
You hit the sheep.
Your attack snaps the sheep out of its fear.
The sheep is moderately wounded.
The sheep burns! x10
The sheep explodes!
The fiery explosion engulfs the sheep.
The sheep explodes!
The fiery explosion engulfs the sheep.
The sheep explodes!
The fiery explosion engulfs you!
Ouch! That really hurt!
* * * LOW HITPOINT WARNING * * *
The fiery explosion engulfs the sheep.
The sheep explodes!
The fiery explosion engulfs you!
* * * LOW HITPOINT WARNING * * *
The fiery explosion engulfs you!
You die...

.# ##.%......
..###....#.....#
$..............#
.....%.....#...#
.%.......%.#...#
.....Y§....#...#
.....§§§§......#####
....§§§@...........#
.....§§.§.......#
......§§§..#....#
...........)..#.##
...%.............###
#
...#####.#.........#
.# ..#
#..#..#'#...... .##
.# ##.##..#∩#....##
... #..##..#'#..###


You could see a sheep (inner flame).

Vanquished Creatures
  A sky beast (D:5)
  3 ogres
  A centaur (D:5)
  2 elf zombies (Ossuary)
  A big kobold (D:3)
  A jelly (D:5)
  A wasp zombie (D:5)
  A crimson imp (D:5)
  5 orc priests
  A human zombie (Ossuary)
  4 hounds
  3 orc wizards
  2 worker ants (D:5)
  2 big kobold zombies (Ossuary)
  4 hound zombies
  A hound skeleton (D:5)
  4 mummies (Ossuary)
  9 adders
  3 shadow imps (D:5)
  2 oozes
  3 adder zombies
  An adder skeleton (D:4)
  A worm (D:3)
  2 dart slugs (D:1)
  2 giant geckos (D:3)
  28 orcs
  9 bats
  4 giant cockroaches (D:3)
  5 goblins
  6 hobgoblins
  14 jackals
  3 quokkas
  A ball python (D:1)
  7 giant newts
  A goblin zombie (Ossuary)
  A jackal zombie (Ossuary)
  3 kobolds (D:3)
  A kobold zombie (Ossuary)
  An orc zombie (Ossuary)
  2 quokka zombies
  6 rats
152 creatures vanquished.

Vanquished Creatures (others)
  3 sheep (D:6)
3 creatures vanquished.

Grand Total: 155 creatures vanquished

Notes
Turn   | Place    | Note
-------+----------+-------------------------------------------
     0 | D:1      | Gorice the Demonspawn Monk began the quest for the Orb.
     0 | D:1      | Reached XP level 1. HP: 18/18 MP: 1/1
    40 | D:1      | Reached skill level 3 in Maces & Flails
   125 | D:1      | Gained mutation: You are partially covered in thin metallic scales. (AC +2) [demonic ancestry]
   125 | D:1      | Reached XP level 2. HP: 22/24 MP: 2/2
   845 | D:2      | Found a shattered altar of Ashenzari.
  1035 | D:2      | Found a sparkling altar of Nemelex Xobeh.
  1045 | D:2      | Reached XP level 3. HP: 25/29 MP: 3/3
  1261 | D:2      | Found a blossoming altar of Fedhas.
  1303 | D:2      | --Wow: 4 !cure mut already!
  1397 | D:2      | Reached XP level 4. HP: 36/37 MP: 4/4
  1582 | D:2      | Reached skill level 4 in Maces & Flails
  1809 | D:3      | Reached skill level 4 in Fighting
  1842 | D:3      | Found an opulent altar of Gozag.
  1903 | D:3      | Noticed a big kobold
  1942 | D:3      | Killed a big kobold
  1942 | D:3      | Reached XP level 5. HP: 24/42 MP: 5/5
  2451 | D:3      | Reached skill level 5 in Maces & Flails
  2587 | D:3      | Gained mutation: You have a pair of small horns on your head. [demonic ancestry]
  2587 | D:3      | Reached XP level 6. HP: 49/49 MP: 6/6
  2890 | D:3      | Reached skill level 5 in Fighting
  2931 | D:3      | Found an ancient bone altar of Kikubaaqudgha.
  2936 | D:3      | Found a snail-covered altar of Cheibriados.
  2943 | D:3      | Found a white marble altar of Elyvilon.
  3412 | D:4      | Noticed a slave
  3412 | D:4      | Noticed a slave
  3499 | D:3      | HP: 10/51 [ogre/giant club (11)]
  3800 | D:3      | Reached skill level 6 in Maces & Flails
  3908 | D:4      | Noticed Pikel
  3924 | D:4      | Found a blossoming altar of Fedhas.
  3934 | D:4      | Gained mutation: You are mostly covered in thin metallic scales. (AC +3) [demonic ancestry]
  3934 | D:4      | Reached XP level 7. HP: 56/56 MP: 7/7
  4169 | D:3      | HP: 16/56 [orc wizard/puff of flame (1)]
  4585 | D:4      | Found a bloodstained altar of Trog.
  5219 | D:5      | Entered Level 5 of the Dungeon
  5304 | D:5      | Found a sand-covered staircase.
  5309 | Ossuary  | Entered an ossuary
  5355 | Ossuary  | Reached skill level 7 in Maces & Flails
  5376 | Ossuary  | Reached skill level 6 in Fighting
  5413 | Ossuary  | Gained mutation: When hurt, damage is shared between your health and your magic reserves. [demonic ancestry]
  5413 | Ossuary  | Reached XP level 8. HP: 40/64 MP: 8/8
  6420 | D:5      | Reached skill level 8 in Maces & Flails
  6694 | D:5      | Reached skill level 7 in Fighting
  6883 | D:6      | Found a staircase to the Ecumenical Temple.
  6904 | Temple   | Entered the Ecumenical Temple
  7093 | Temple   | Became a worshipper of Warmaster Okawaru
  7093 | Temple   | Reached * piety under Okawaru
  7093 | Temple   | Reached ** piety under Okawaru
  7207 | D:6      | Found Garef's Gadget Boutique.
  7237 | D:6      | Found a shimmering altar of Xom.
  7239 | D:6      | HP: 10/67 [sheep/exploding inner flame (17)]
  7239 | D:6      | Killed from afar by a sheep

Vault maps used:
D:1:      saegor_arrival_simple_e, serial_park_tiny_2
D:2:      old_standard_altar, nemelex_xobeh_ov_fountains_minmay,
          nicolae_ashenzari_panopticon
D:3:      grunt_temple_overflow_diamond, kennysheep_small_spiral,
          kennysheep_flooded_box
D:4:      overflow_temple_1_default, first_bread, fedhas_altar_2, uniq_pikel
D:5:      enter_ossuary_2
D:6:      kb_xom_exploding_sheep, serial_shops, kennysheep_mini_moat
Temple:   chequers_temple_sunken
Ossuary:  ossuary_minmay_tomb_2a

Skill      XL: |  1  2  3  4  5  6  7  8 |
---------------+-------------------------+-----
Maces & Flails | 3 4 5 6 7 8 |  8.5
Fighting       | 4 5 6 7 |  7.1
Dodging        | |  2.6
Stealth        | |  1.7

Action                   |  1- 3 |  4- 6 |  7- 9 || total
-------------------------+-------+-------+-------++-------
Melee: Mace              |    83 |   161 |       ||   244
       Flail             |       |    98 |     6 ||   104
       Headbutt          |       |    13 |    64 ||    77
       Morningstar       |       |       |   302 ||   302
Throw: Stone             |    13 |    32 |    25 ||    70
       Tomahawk          |       |       |    19 ||    19
  Use: Scroll            |     6 |     3 |     9 ||    18
 Stab: Fleeing           |       |       |     1 ||     1
  Eat: Chunk             |     2 |     6 |    15 ||    23
       Meat ration       |       |     1 |       ||     1
Armor: Robe              |     2 |       |       ||     2
       Chain mail        |    49 |   197 |   224 ||   470
Dodge: Dodged            |    36 |    88 |   111 ||   235
Block: Other             |       |       |    63 ||    63
       Reflection        |       |       |     1 ||     1

Table legend:
 A = Turns spent in this place as a percentage of turns spent in the entire game.
 B = Non-inter-level travel turns spent in this place as a percentage of non-inter-level travel turns spent in the entire game.
 C = Inter-level travel turns spent in this place as a percentage of turns spent in this place.
 D = Turns resting spent in this place as a percentage of non-inter-level travel turns spent in this place.
 E = Turns spent auto-exploring this place as a percentage of non-inter-level travel turns spent in this place.
 F = Non-inter-level travel turns spent in this place divided by the number of levels of this place that you've seen.
                   A       B       C       D       E      F
               +-------+-------+-------+-------+-------+----------------------
         Total | 100.0 | 100.0 |   0.8 |   1.9 |   4.1 | 350.0
       Dungeon |  88.5 |  88.4 |   0.9 |   1.9 |   4.6 | 412.5
        Temple |   1.8 |   1.8 |   2.0 |   0.0 |   2.0 |  50.0
       Ossuary |   9.7 |   9.8 |   0.0 |   1.8 |   0.4 | 275.0
               +-------+-------+-------+-------+-------+----------------------

Vault maps used:
D:1:      saegor_arrival_simple_e, serial_park_tiny_2
D:2:      old_standard_altar, nemelex_xobeh_ov_fountains_minmay,
          nicolae_ashenzari_panopticon
D:3:      grunt_temple_overflow_diamond, kennysheep_small_spiral,
          kennysheep_flooded_box
D:4:      overflow_temple_1_default, first_bread, fedhas_altar_2, uniq_pikel
D:5:      enter_ossuary_2
D:6:      kb_xom_exploding_sheep, serial_shops, kennysheep_mini_moat
Temple:   chequers_temple_sunken
Ossuary:  ossuary_minmay_tomb_2a
